 Dungeon Crawl Stone Soup version 0.30.1-4-g462c640d31 (webtiles) character file.

Game seed: 12090006144893753736

499 GeoRichter the Chopper (level 7, 0/52 HPs)
             Began as a Formicid Fighter on Aug 11, 2023.
             Was a Follower of Elyvilon.
             Slain by an iguana (11 damage)
             ... on level 5 of the Dungeon.
             The game lasted 00:05:09 (3442 turns).

GeoRichter the Chopper (Formicid Fighter)           Turns: 3442, Time: 00:05:09

Health: 0/52       AC:  9    Str: 22    XL:     7   Next: 39%
Magic:  7/7        EV:  8    Int:  8    God:    Elyvilon [*.....]
Gold:   204        SH:  5    Dex: 13    Spells: 6/6 levels left

rFire   . . .        a - +1 war axe
rCold   . . .        c - +0 buckler
rNeg    . . .        j - +0 chain mail
rPois   .            (helmet unavailable)
rElec   .            (no cloak)
rCorr   .            (no gloves)
SInv    +            (no boots)
Will    .....        (no amulet) Stlth
                     g - ring of flight
HPRegen 0.28/turn    k - +4 ring of slaying
MPRegen 0.10/turn

%: no passive effects
@: flying
A: permanent stasis, dig shafts and tunnels, antennae 3, four strong arms
a: Dig, Shaft Self, Renounce Religion, Purification


You were on level 5 of the Dungeon.
You worshipped Elyvilon.
Elyvilon was aware of your devotion.
You visited 1 branch of the dungeon, and saw 5 of its levels.

You collected 243 gold pieces.
You spent 39 gold pieces at shops.

Inventory:

Hand Weapons
 a - a +1 war axe (weapon)
Missiles
 q - 5 datura-tipped darts
Armour
 c - a +0 buckler (worn)
 j - a +0 chain mail (worn)
   (You found it on level 2 of the Dungeon)
Jewellery
 g - a ring of flight (left hand)
   (You found it on level 1 of the Dungeon)
 k - a +4 ring of slaying (right hand)
   (You found it on level 2 of the Dungeon)
 t - an amulet of reflection
   (You found it on level 4 of the Dungeon)
Scrolls
 b - a scroll of vulnerability {!r}
 e - 2 scrolls of identify {@r1}
 f - a scroll of immolation {!r}
 l - 3 scrolls of amnesia
 m - 4 scrolls of poison {!r}
 p - 2 scrolls of butterflies
 s - 3 scrolls of noise {!r}
Potions
 d - a potion of might
 h - a potion of ambrosia
 i - 5 potions of curing {@q1}
 n - 2 potions of mutation {!q}
 o - a potion of resistance
 r - a potion of haste {unknown}


   Skills:
 + Level 3.3 Fighting
 * Level 7.6 Axes
 - Level 3.2 Armour
 - Level 4.0 Shields


You had 6 spell levels left.
You didn't know any spells.
Your spell library contained the following spells:

 Spells                   Type           Power      Damage    Failure   Level
 Apportation              Tloc           0%         N/A       98%         1
 Necrotise                Necr           0%         1d4       98%         1
 Summon Small Mammal      Summ           0%         N/A       98%         1
 Ensorcelled Hibernation  Hex/Ice        0%         N/A       99%         2
 Call Canine Familiar     Summ           0%         N/A       100%        3
 Frozen Ramparts          Ice            0%         1d1       100%        3
 Portal Projectile        Hex/Tloc       0%         N/A       100%        3
 Spider Form              Tmut/Pois      0%         N/A       100%        3
 Anguish                  Hex/Necr       0%         N/A       100%        4
 Ice Form                 Ice/Tmut       0%         N/A       100%        4
 Leda's Liquefaction      Hex/Erth       0%         N/A       100%        4
 Summon Ice Beast         Ice/Summ       0%         N/A       100%        4


Dungeon Overview and Level Annotations

Branches:
Dungeon (5/15) Zot: 26489
 Temple: D:4-7

Altars:
Elyvilon
Gozag
Nemelex Xobeh
Trog
Uskayaw

Shops:
D:1 !   D:4 *


Innate Abilities, Weirdness & Mutations

You cannot be hasted, slowed, berserked, paralysed or teleported.
You can dig through walls and to a lower floor.
You have a pair of large antennae on your head. (SInv)
Your four strong arms can wield two-handed weapons with a shield.


Message History

You kill the iguana!
There is an open door here.
There is an open door here.
There is an open door here.
There is a stone staircase leading down here.
You fly downwards.
You hear the hiss of flowing sand.
There is an entrance to an ossuary on this level.
Hurry and find it before the portal is buried!
You hear the slow hiss of a distant avalanche of sand.
The dart slug launches a dart at you.
The slug dart hits you but does no damage.
Found a stone staircase leading down.
There is a stone staircase leading up here.
You slash the dart slug!
You kill the dart slug!
No target in view!
A worm comes into view.
You completely miss the worm. The worm bites you.
You slash the worm!
The worm is severely wounded.
You block the worm's attack.
You slice the worm!!
You kill the worm!
Found a scroll of teleportation.
An iguana comes into view.
Found a scroll labelled FIOFYI EHES.
The iguana bites you but does no damage.
You hit the iguana.
The iguana is moderately wounded.
The iguana bites you!
You closely miss the iguana.
The iguana is moderately wounded.
The iguana bites you! The iguana bites you.
* * * LOW HITPOINT WARNING * * *
You hit the iguana.
The iguana is severely wounded.
The iguana bites you.
* * * LOW HITPOINT WARNING * * *
You closely miss the iguana.
The iguana is severely wounded.
The iguana bites you!
* * * LOW HITPOINT WARNING * * *
You hit the iguana.
The iguana is almost dead.
The iguana bites you but does no damage.
Unknown command.
You completely miss the iguana.
The iguana is almost dead.
The iguana bites you!
You die...

.......+ #..?...#####
.# #......##.. .###
#...... #.# ... # .
#..... #.####.##.#
...##.... #.#........
........#####.#>....#
....?.l@......#<..#
#.......#####....#..#
#########
#.#........#
#.#.######## .....
.....## #.#.#.#
....... .....#.#


You could see an iguana.

Vanquished Creatures
  Sigmund (D:3)
  A scorpion (D:4)
  A hound (D:4)
  An iguana (D:4)
  2 jellies (D:2)
  A sleepcap (D:4)
  2 adders
  A gnoll (D:1)
  2 worms
  5 dart slugs
  An orc (D:4)
  3 ball pythons
  5 bats
  12 endoplasms
  7 giant cockroaches
  7 goblins
  6 hobgoblins
  5 jackals
  3 quokkas
  4 frilled lizards
  13 kobolds
  5 rats
88 creatures vanquished.

Notes
Turn   | Place    | Note
-------+----------+-------------------------------------------
     0 | D:1      | GeoRichter the Formicid Fighter began the quest for the
                  | Orb.
     0 | D:1      | Reached XP level 1. HP: 18/18 MP: 1/1
   192 | D:1      | Reached XP level 2. HP: 22/24 MP: 2/2
   274 | D:1      | Reached skill level 3 in Axes
   352 | D:1      | Reached XP level 3. HP: 5/29 MP: 3/3
   540 | D:1      | Found Nusosace's Distillery.
   548 | D:1      | Bought a potion of curing for 39 gold pieces
   784 | D:1      | Reached skill level 4 in Axes
   784 | D:1      | Reached XP level 4. HP: 35/35 MP: 4/4
  1284 | D:2      | Reached skill level 5 in Axes
  1284 | D:2      | Reached XP level 5. HP: 17/41 MP: 5/5
  1291 | D:2      | HP: 2/41 [endoplasm (2)]
  1578 | D:2      | Found a faded altar of an unknown god.
  1923 | D:3      | Noticed Sigmund
  1949 | D:3      | Killed Sigmund
  1950 | D:3      | Reached skill level 6 in Axes
  1950 | D:3      | Reached XP level 6. HP: 41/47 MP: 6/6
  2124 | D:3      | Found a white marble altar of Elyvilon.
  2234 | D:3      | Became a worshipper of Elyvilon the Healer
  2492 | D:4      | Reached skill level 7 in Axes
  2492 | D:4      | Reached XP level 7. HP: 42/52 MP: 7/7
  2569 | D:4      | Found a sparkling altar of Nemelex Xobeh.
  2775 | D:4      | Found Obbiadde's Assorted Antiques.
  2807 | D:4      | Reached * piety under Elyvilon
  2828 | D:4      | Found a bloodstained altar of Trog.
  2828 | D:4      | Found an opulent altar of Gozag.
  2829 | D:4      | Found a hide-covered altar of Uskayaw.
  3346 | D:5      | Entered Level 5 of the Dungeon
  3442 | D:5      | Slain by an iguana

Illustrated notes

Levels and vault maps discovered:
D:1:      ldierk_walled_garden_2, layout_basic, serial_shops, shop,
          skrybe_limestone_x, minivault_25
D:2:      cheibrodos_fertilizer, layout_rooms,
          hellmonk_ecumenical_altar_blasted, chequers_serial_rivers_micro_e,
          minmay_tromino_v7
D:3:      layout_loops_ring, mainiacjoe_overflow_alcove_2,
          kennysheep_another_room, uniq_sigmund
D:4:      layout_gridville, gammafunk_temple_overflow_claw,
          nicolae_overflow_crystal_walls, serial_shops,
          nicolae_shop_pleasant_corner_grove
D:5:      layout_basic, mainiacjoe_overflow_chevrons, grunt_dithmenos_shadows,
          minmay_temple_entry_glass, nicolae_ossuary_entry_ruins

Skill      XL: |  1  2  3  4  5  6 |
---------------+-------------------+-----
Axes           | 3 4 5 6 7 |  7.6
Fighting       | |  3.3
Armour         | |  3.2
Shields        | |  4.0

Action                     |  1- 3 |  4- 6 |  7- 9 || total
---------------------------+-------+-------+-------++-------
  Melee: War axe           |    92 |    85 |    46 ||   223
Ability: Dig               |       |     1 |       ||     1
    Use: Scroll            |       |     7 |     4 ||    11
         Potion            |       |     3 |       ||     3
 Armour: Scale mail        |    46 |    13 |       ||    59
         Chain mail        |       |    13 |    15 ||    28
  Dodge: Dodged            |    39 |    26 |    12 ||    77
  Block: Buckler           |    32 |    17 |     8 ||    57
